[Event "11th Tamil Nadu Circuit-IM 2024"]
[Site "Chennai"]
[Date "2024.01.09"]
[Round "1.1"]
[White "Harsh Suresh"]
[Black "Wagh Suyog"]
[Result "1-0"]
[ECO "D45"]
[WhiteElo "2361"]
[BlackElo "2266"]
[Annotator "ChessBase"]
[PlyCount "102"]
[EventDate "2024.01.09"]
[EventType "tourn"]
[EventCountry "IND"]
[SourceTitle "playchess.com"]
[Source "ChessBase"]
[SourceQuality "1"]
[TimeControl "5400+30"]

1. Nf3 Nf6 2. c4 c6 3. Nc3 d5 4. e3 e6 5. b3 Bd6 6. Bb2 O-O 7. Be2 b6 8. Qc2 Bb7 9. O-O Nbd7 10. d4 Qe7 11. cxd5 exd5 12. Bd3 Rfe8 13. Rae1 c5 14. Nb5 Bb8 15. dxc5 bxc5 16. Ba3 a6 17. Nbd4 g6 18. Ne2 Bd6 19. Ng3 Rac8 20. Qb1 Ne5 21. Nxe5 Bxe5 22. Bb2 h5 23. Bxe5 Qxe5 24. h3 Qg5 25. Qa1 d4 26. e4 Qf4 27. Ne2 Qd6 28. f3 Nd7 29. Qc1 Kg7 30. Qd2 Ne5 31. Nc1 a5 32. Qxa5 Ra8 33. Qd2 Ra3 34. Bb5 Rea8 35. f4 Nc6 36. e5 Qe7 37. f5 gxf5 38. Rxf5 Rh8 39. Bc4 Nd8 40. Ref1 Bc8 41. Rxf7+ Nxf7 42. Rxf7+ Qxf7 43. Bxf7 Kxf7 44. Qf4+ Ke8 45. Qf6 Rf8 46. Qg6+ Ke7 47. Qd6+ Kf7 48. Qxc5 Ra6 49. Qxd4 Rg6 50. Nd3 Kg8 51. Nf4 Rg5 1-0

[Event "11th Tamil Nadu Circuit-IM 2024"]
[Site "Chennai"]
[Date "2024.01.09"]
[Round "1.2"]
[White "Manik, Mikulas"]
[Black "Priyanka, K."]
[Result "1-0"]
[ECO "C72"]
[WhiteElo "2342"]
[BlackElo "2068"]
[Annotator "RC"]
[PlyCount "49"]
[EventDate "2024.01.09"]
[EventType "tourn"]
[EventCountry "IND"]
[SourceTitle "playchess.com"]
[Source "ChessBase"]
[SourceQuality "1"]
[TimeControl "5400+30"]

1. e4 e5 2. Nf3 Nc6 3. Bb5 a6 4. Ba4 d6 5. O-O Bd7 6. Re1 g6 7. d4 Bg7 8. Bg5 f6 9. Be3 Nh6 10. dxe5 Nxe5 11. Bb3 Bg4 12. Nbd2 Qe7 13. h3 Bd7 14. Nd4 O-O-O 15. f4 Nc6 16. N2f3 Rhe8 17. f5 gxf5 18. Qd2 Nxd4 19. Nxd4 Qf8 20. Qa5 fxe4 21. Bd5 f5 22. Rad1 c6 23. Nb5 cxb5 24. Bxb7+ Kb8 25. Qb6 1-0

[Event "11th Tamil Nadu Circuit-IM 2024"]
[Site "Chennai"]
[Date "2024.01.09"]
[Round "1.3"]
[White "Hemanth Raam"]
[Black "Khusenkhojaev, Muhammad"]
[Result "1-0"]
[ECO "C45"]
[WhiteElo "2161"]
[BlackElo "2379"]
[Annotator "RC"]
[PlyCount "134"]
[EventDate "2024.01.09"]
[EventType "tourn"]
[EventCountry "IND"]
[SourceTitle "playchess.com"]
[Source "ChessBase"]
[SourceQuality "1"]
[TimeControl "5400+30"]

1. e4 e5 2. Nf3 Nc6 3. d4 exd4 4. Nxd4 Qf6 5. Nf3 Bb4+ 6. c3 Bc5 7. Be2 d6 8. O-O h6 9. Qc2 a5 10. Nbd2 Nge7 11. Nb3 Bb6 12. Nbd4 O-O 13. Be3 d5 14. Nxc6 Qxc6 15. Ne5 Qe6 16. Bxb6 Qxb6 17. exd5 Nxd5 18. Bc4 Qf6 19. Qe4 Nb6 20. Bd3 g6 21. f4 h5 22. Rae1 Re8 23. Qf3 c6 24. Qf2 Nd5 25. c4 Ne7 26. Qb6 Qd6 27. Rd1 Qb4 28. Qf2 Bf5 29. a3 Qb3 30. Bxf5 Nxf5 31. Rd3 Qa2 32. Qb6 Re7 33. Rfd1 Kg7 34. Qb3 Qxb3 35. Rxb3 a4 36. Rb4 f6 37. Nf3 Kf7 38. Kf2 Ra5 39. Rd8 Ne3 40. Rb8 Ng4+ 41. Kg3 Ra7 42. Rd8 Ne3 43. Rd3 Ra5 44. Rc3 g5 45. fxg5 fxg5 46. h3 Kf6 47. Rd3 Rc5 48. Rxa4 Rxc4 49. Rxc4 Nxc4 50. Rb3 Re2 51. Rxb7 h4+ 52. Kh2 Ne3 53. Rb6 Rxg2+ 54. Kh1 Kf5 55. Rb3 Kf4 56. Rxe3 Rg3 57. Rc3 Rxh3+ 58. Kg2 g4 59. Rc4+ Kf5 60. Rc5+ Kf4 61. Rc4+ Kf5 62. Nd4+ Kg5 63. Rc3 Rxc3 64. bxc3 Kf4 65. a4 g3 66. Ne2+ Ke5 67. Kh3 Kd5 1-0

[Event "11th Tamil Nadu Circuit-IM 2024"]
[Site "Chennai"]
[Date "2024.01.09"]
[Round "1.4"]
[White "Daakshin Arun"]
[Black "Podolchenko, Evgeniy"]
[Result "0-1"]
[ECO "A58"]
[WhiteElo "2309"]
[BlackElo "2357"]
[Annotator "ChessBase"]
[PlyCount "97"]
[EventDate "2024.01.09"]
[EventType "tourn"]
[EventCountry "IND"]
[SourceTitle "playchess.com"]
[Source "ChessBase"]
[SourceQuality "1"]
[TimeControl "5400+30"]

1. d4 Nf6 2. c4 c5 3. d5 b5 4. cxb5 a6 5. bxa6 g6 6. Nc3 Bg7 7. e4 O-O 8. a7 Rxa7 9. Nf3 e6 10. Be2 exd5 11. exd5 d6 12. O-O Na6 13. Nb5 Rd7 14. Bc4 Bb7 15. Qb3 Qa8 16. Rd1 Nc7 17. Nxc7 Rxc7 18. Bf4 Rd8 19. h3 Ba6 20. Nd2 Rb7 21. Qd3 Rxb2 22. Bg5 Bxc4 23. Nxc4 Rxa2 24. Rab1 h6 25. Bxf6 Bxf6 26. Rd2 Bd4 27. Qf3 Rxd2 28. Nxd2 Qa2 29. Rb7 Rf8 30. Ne4 Kg7 31. Ng3 Be5 32. Qe4 Qa8 33. Rd7 Rd8 34. Rxd8 Qxd8 35. f4 Bd4+ 36. Kh2 Qa5 37. h4 h5 38. Qe7 Qa1 39. Qg5 Bg1+ 40. Kh3 Qc3 41. f5 Bf2 42. f6+ Kg8 43. Qf4 Qxg3+ 44. Qxg3 Bxg3 45. Kxg3 Kh7 46. Kf4 Kh6 47. g3 c4 48. Ke4 g5 49. Kd4 0-1

[Event "11th Tamil Nadu Circuit-IM 2024"]
[Site "Chennai"]
[Date "2024.01.09"]
[Round "1.5"]
[White "Lokesh, N.."]
[Black "Ziatdinov, Raset"]
[Result "1-0"]
[ECO "C54"]
[WhiteElo "2140"]
[BlackElo "2100"]
[Annotator "TA"]
[PlyCount "64"]
[EventDate "2024.01.09"]
[EventType "tourn"]
[EventCountry "IND"]
[SourceTitle "playchess.com"]
[Source "ChessBase"]
[SourceQuality "1"]
[TimeControl "5400+30"]

1. e4 e5 2. Nf3 Nc6 3. Bc4 Bc5 4. O-O Nf6 5. d3 O-O 6. h3 d6 7. c3 Be6 {[%emt 0:00:30] 7...a5 is becoming the main line. C54: Giuoco Piano: 4 c3 Nf6, main lines with 5 d4 and 5 d3.} 8. Bxe6 fxe6 9. b4 Bb6 {[%emt 0:00:00] White is slightly better.} 10. Nbd2 a5 11. b5 {[%emt 0:05:12] [#]} Nb8 $146 ({Predecessor:} 11... Ne7 12. Qb3 Qd7 13. Nc4 a4 14. Nxb6 axb3 15. Nxd7 Nxd7 16. Bg5 Ng6 17. axb3 Nc5 {½-½ Loftgaard,M (2267)-Jarlskov,D (2177) DEN-ch U16 rapid 2022 (5)}) 12. Nc4 Nbd7 13. Re1 h6 14. Qe2 Nh5 15. d4 Nf4 16. Bxf4 exf4 {[%emt 0:03:24] White stays focused until the end.} 17. e5 {[%emt 0:00:30][%cal Be4e5,Be5e6,Be6e7][%mdl 32] White is more active.} d5 {[%emt 0:00:30] [#]} 18. Nb2 c5 ({Better is} 18... a4) 19. c4 $16 cxd4 (19... Re8 $16) 20. cxd5 $18 exd5 $2 (20... Qe8 21. Na4 Rc8) 21. e6 Re8 22. e7 Qc7 23. Qe6+ Kh8 24. Nh4 ({Not} 24. Qxd5 Nf6 25. Qf7 Qc2 $18) 24... Nc5 (24... d3 $142 25. Nxd3 Nc5 26. Qxd5 Nxd3 27. Qxd3 Qc5) 25. Ng6+ Kh7 26. Qf5 {[%emt 0:00:30] And now Nf8+ would win.} ({Stronger than} 26. Qxd5 Kxg6 $17) 26... Qd6 27. Nxf4+ {[%emt 0:00:30][%mdl 64] Discovered Attack} Kh8 28. Nxd5 {[%emt 0:00:30] Strongly threatening Nc4.} Qd7 29. Qh5 Qxb5 {[%emt 0:00:30] [#]} 30. Nc4 $1 {[%emt 0:00:30][%mdl 576] Decoy} Ba7 (30... Ne4 31. Ncxb6) 31. Nd6 Qd7 32. Nf7+ {[%emt 0:00:30] Excellent horsemanship.} Kh7 {[%emt 0:00:30] An entertaining game by Lokesh.   Weighted Error Value: White=0.38/Black=0.71} 1-0

[Event "11th Tamil Nadu Circuit-IM 2024"]
[Site "Chennai"]
[Date "2024.01.09"]
[Round "2.1"]
[White "Wagh Suyog"]
[Black "Ziatdinov, Raset"]
[Result "1-0"]
[ECO "E62"]
[WhiteElo "2266"]
[BlackElo "2100"]
[Annotator "TA"]
[PlyCount "73"]
[EventDate "2024.01.09"]
[EventType "tourn"]
[EventCountry "IND"]
[SourceTitle "playchess.com"]
[Source "ChessBase"]
[SourceQuality "1"]
[TimeControl "5400+30"]

1. d4 Nf6 2. c4 g6 3. g3 Bg7 4. Bg2 O-O 5. Nc3 d6 6. Nf3 Nc6 7. Bf4 {[%emt 0:01:21] E62: King's Indian: Fianchetto: 6...c6 and Panno Variation (6...Nc6) without ...a6.} Nd7 8. Qd2 {[%emt 0:04:29] [#]} e5 $146 ({Predecessor:} 8... Re8 9. Bh6 Bf6 10. h4 e5 11. d5 Nd4 12. Ne4 Nc5 13. Nxf6+ Qxf6 14. Nxd4 exd4 {1-0 Pilarski,D (1828)-Bugajski,M (1601) POL-ch U18 Chotowa 2009 (8)}) 9. Bg5 {[%emt 0:00:10] White is slightly better.} f6 10. Be3 Re8 11. dxe5 Ndxe5 12. Nxe5 Nxe5 13. h3 Be6 (13... Nxc4 $2 14. Bd5+ Be6 15. Bxe6+ Rxe6 16. Qd5 $18) 14. b3 Qc8 15. Nd5 c6 16. Nf4 Bxc4 17. bxc4 $16 Nxc4 18. Qd3 Nxe3 19. fxe3 d5 20. Rc1 {[%emt 0:01:25] Threatens to win with Bxd5+.} Qd7 {[%emt 0:00:00] [#]} (20... Qd8 $16 21. e4 Qa5+ 22. Kf2 Qb6+ 23. e3 dxe4 24. Qc4+ (24. Bxe4 Rad8 $16) 24... Kh8) 21. e4 $1 $18 d4 22. h4 Rad8 23. h5 g5 24. Qb3+ Qf7 25. Nd3 Rd6 26. O-O Qxb3 27. axb3 a5 28. Rf5 b6 {[%emt 0:06:39] [#]} (28... Ra8 $142 29. Ra1 Bf8 30. Rfxa5 Rxa5 31. Rxa5 Rd8) 29. e5 $1 {[%emt 0:02:50] White is clearly winning.} fxe5 {[%emt 0:00:06] Black is weak on the light squares} 30. Bxc6 Rf8 31. Be4 Rxf5 32. Bxf5 h6 33. Rc8+ Kf7 34. Rc7+ Kf8 35. Kg2 Bf6 36. Kf3 Bd8 37. Rb7 {[%emt 0:00:32] Weighted Error Value: White=0.05 (flawless) /Black=0.28 (precise)} 1-0

[Event "11th Tamil Nadu Circuit-IM 2024"]
[Site "Chennai"]
[Date "2024.01.09"]
[Round "2.2"]
[White "Podolchenko, Evgeniy"]
[Black "Lokesh, N.."]
[Result "1-0"]
[ECO "D31"]
[WhiteElo "2357"]
[BlackElo "2140"]
[Annotator "ChessBase"]
[PlyCount "67"]
[EventDate "2024.01.09"]
[EventType "tourn"]
[EventCountry "IND"]
[SourceTitle "playchess.com"]
[Source "ChessBase"]
[SourceQuality "1"]
[TimeControl "5400+30"]

1. d4 d5 2. c4 e6 3. Nc3 Be7 4. cxd5 exd5 5. Bf4 c6 6. e3 Bf5 7. Nge2 Nd7 8. Ng3 Bg6 9. Be2 Nf8 10. h4 Bxh4 11. Qb3 Bxg3 12. Bxg3 Qb6 13. Qa3 Ne6 14. Bd6 Qd8 15. Nxd5 Qg5 16. Nc3 Qxg2 17. Rf1 Nf6 18. Qb4 Rd8 19. Be5 Ng4 20. Bxg4 Qxg4 21. Rd1 Rd7 22. f3 Qh4+ 23. Rf2 c5 24. Qa4 cxd4 25. Bxd4 Qh5 26. Bb6 Nf8 27. Nd5 f6 28. Nc7+ Ke7 29. Qb4+ Kd8 30. Ne6+ Ke8 31. Rxd7 Kxd7 32. Nxf8+ Rxf8 33. Rd2+ Ke6 34. Qc4+ 1-0

[Event "11th Tamil Nadu Circuit-IM 2024"]
[Site "Chennai"]
[Date "2024.01.09"]
[Round "2.3"]
[White "Khusenkhojaev, Muhammad"]
[Black "Daakshin Arun"]
[Result "1-0"]
[ECO "E06"]
[WhiteElo "2379"]
[BlackElo "2309"]
[Annotator "RC"]
[PlyCount "81"]
[EventDate "2024.01.09"]
[EventType "tourn"]
[EventCountry "IND"]
[SourceTitle "playchess.com"]
[Source "ChessBase"]
[SourceQuality "1"]
[TimeControl "5400+30"]

1. Nf3 Nf6 2. c4 e6 3. g3 d5 4. d4 Be7 5. Bg2 O-O 6. Qc2 c5 7. dxc5 d4 8. b4 a5 9. Bb2 Nc6 10. b5 Nb4 11. Qd2 Ne4 12. Qd1 d3 13. O-O Bxc5 14. Nc3 f5 15. a3 Nxf2 16. Rxf2 Nc2 17. exd3 Bxf2+ 18. Kxf2 Nxa1 19. Bxa1 Qd6 20. Bb2 b6 21. Na4 Bb7 22. Qe2 Bxf3 23. Bxf3 Rad8 24. d4 f4 25. g4 h5 26. g5 Rf5 27. h4 Rc8 28. Kg2 g6 29. c5 bxc5 30. dxc5 Rcxc5 31. Nxc5 Rxc5 32. b6 e5 33. b7 a4 34. Be4 Qb6 35. Qf2 f3+ 36. Kg3 Kh7 37. b8=Q Qxb8 38. Qxc5 f2 39. Qxf2 Qf8 40. Bxg6+ Kxg6 41. Qxf8 1-0

[Event "11th Tamil Nadu Circuit-IM 2024"]
[Site "Chennai"]
[Date "2024.01.09"]
[Round "2.4"]
[White "Priyanka, K."]
[Black "Hemanth Raam"]
[Result "0-1"]
[ECO "C77"]
[WhiteElo "2068"]
[BlackElo "2161"]
[Annotator "TA"]
[PlyCount "96"]
[EventDate "2024.01.09"]
[EventType "tourn"]
[EventCountry "IND"]
[SourceTitle "playchess.com"]
[Source "ChessBase"]
[SourceQuality "1"]
[TimeControl "5400+30"]

1. e4 e5 2. Nf3 Nc6 3. Bb5 a6 4. Ba4 Nf6 5. d3 d6 6. c3 g6 7. O-O Bg7 8. Re1 O-O 9. h3 Bd7 {[%emt 0:06:13] C77: Ruy Lopez: 3...a6 4 Ba4 Nf6, unusual lines.} 10. Nbd2 Nh5 11. Nf1 h6 {[%emt 0:00:52] The position is equal.} 12. d4 exd4 13. cxd4 Re8 14. Bc2 {[%emt 0:16:15] [#]} Nb4 $146 ({Predecessor:} 14... Qf6 15. Be3 Nb4 16. Bb1 c5 17. e5 dxe5 18. dxe5 Qc6 19. Qc1 Bxe5 20. Nxe5 Rxe5 21. Bxh6 Rxe1 22. Qxe1 {½-½ Grinberg,E (2431)-Boruchovsky,A (2531) Pardubice Czech op-A 27th 2016 (3)}) 15. Bb1 (15. Bb3 {keeps more tension.} c5 16. Bd2 Bb5 17. g4) 15... c5 $1 16. Bd2 Nc6 17. Bc3 (17. g4 $11) 17... b5 ({Black should play} 17... cxd4 $17 18. Nxd4 Nxd4 19. Bxd4 Bxd4 20. Qxd4 Nf4) 18. dxc5 $1 $11 Bxc3 (18... dxc5 $11 19. Bxg7 Kxg7) 19. bxc3 $14 dxc5 20. Qd2 (20. e5 $5 ) 20... Kg7 21. Bc2 (21. e5 {feels hotter.} Na5 22. Qc1 Bc6 23. N1h2) 21... Be6 22. Qe3 $1 Qe7 23. a4 {[%emt 0:00:40] Threatening e5.} Na5 24. Reb1 (24. e5 $14 {keeps the upper hand.}) 24... Nc4 $17 25. Qe1 Nf4 26. N1d2 (26. Ng3 $15) 26... Rad8 {[%emt 0:08:38] Black is much more active.} 27. Nxc4 (27. axb5 $2 Nxd2 28. Qe3 Nxf3+ 29. Qxf3 Qg5 $19) 27... Bxc4 ({Much worse is} 27... bxc4 $6 28. Qe3 Nd3 29. Rd1 $11) 28. Qe3 {[%emt 0:01:06] Against Bd3} g5 ({Black should try} 28... Ne2+ 29. Kh1 b4 30. cxb4 cxb4) 29. Rd1 {[%emt 0:03:31] [#]} Be2 $1 $36 {[%emt 0:08:07][%mdl 2048] Black has strong initiative.} 30. Rxd8 Rxd8 31. axb5 axb5 {[%emt 0:00:08] ...Bxf3 would be deadly.} 32. Nh4 gxh4 33. Qxf4 Qg5 34. Qxg5+ (34. Qf5 $17 {is a better defense.}) 34... hxg5 {[%emt 0:00:02][%mdl 4096] Endgame KRB-KRB} 35. Rc1 $2 {[%emt 0:00:30] Now White is beyond hope.} (35. e5 $17) 35... Kf6 $19 36. Kh2 Ke5 37. Bb1 (37. g3 $142 Rd2 38. gxh4 gxh4 39. Kg1) 37... Rd1 38. Rxd1 Bxd1 {[%emt 0:00:03] KB-KB} 39. Kg1 b4 40. cxb4 c4 {[%emt 0:01:35][%cal Bc5c4,Bc4c3][%mdl 32] [#] And now ...c3 would win.} 41. b5 c3 {[%emt 0:00:11] aiming for ...c2.} 42. b6 Kd6 ({Not} 42... c2 43. Bxc2 Bxc2 44. b7 Kxe4 45. b8=Q $18 (45. b8=B f6 $11)) 43. Kf1 c2 44. Bxc2 Bxc2 45. e5+ Kc6 (45... Kxe5 $2 46. b7 Bd3+ 47. Kg1 $18) 46. Ke2 Kxb6 {[%emt 0:01:55] ( -> ...Kc5)} 47. f4 Be4 48. fxg5 Bxg2 {[%emt 0:00:10] Weighted Error Value: White=0.83/Black=0.23 (precise)} 0-1

[Event "11th Tamil Nadu Circuit-IM 2024"]
[Site "Chennai"]
[Date "2024.01.09"]
[Round "2.5"]
[White "Harsh Suresh"]
[Black "Manik, Mikulas"]
[Result "1-0"]
[ECO "E62"]
[WhiteElo "2361"]
[BlackElo "2342"]
[Annotator "ChessBase"]
[PlyCount "81"]
[EventDate "2024.01.09"]
[EventType "tourn"]
[EventCountry "IND"]
[SourceTitle "playchess.com"]
[Source "ChessBase"]
[SourceQuality "1"]
[TimeControl "5400+30"]

1. d4 Nf6 2. c4 g6 3. g3 Bg7 4. Bg2 O-O 5. Nc3 d6 6. Nf3 Nc6 7. O-O e5 8. dxe5 Nxe5 9. Nxe5 dxe5 10. Qxd8 Rxd8 11. Bg5 Rd4 12. Be3 Rd7 13. Nb5 Ng4 14. Bc5 Bf8 15. Bxf8 Kxf8 16. c5 c6 17. Nd6 Re7 18. b4 f5 19. e4 Nf6 20. f4 Nxe4 21. Bxe4 fxe4 22. fxe5+ Kg7 23. Nxe4 Rxe5 24. Nd6 a5 25. Nc4 Re4 26. Nb6 Rb8 27. Rae1 Rxe1 28. Rxe1 Bg4 29. bxa5 Rd8 30. h3 Bxh3 31. Re7+ Kh6 32. Rxb7 Rd1+ 33. Kh2 Bf5 34. a6 Kg5 35. Kg2 Kg4 36. a7 Rd2+ 37. Kf1 Kf3 38. Ke1 Re2+ 39. Kd1 Rxa2 40. Rxh7 g5 41. Rf7 1-0

[Event "11th Tamil Nadu Circuit-IM 2024"]
[Site "Chennai"]
[Date "2024.01.10"]
[Round "3.1"]
[White "Manik, Mikulas"]
[Black "Wagh Suyog"]
[Result "1/2-1/2"]
[ECO "C77"]
[WhiteElo "2342"]
[BlackElo "2266"]
[Annotator "RC"]
[PlyCount "72"]
[EventDate "2024.01.09"]
[EventType "tourn"]
[EventCountry "IND"]
[SourceTitle "playchess.com"]
[Source "ChessBase"]
[SourceQuality "1"]
[TimeControl "5400+30"]

1. e4 e5 2. Nf3 Nc6 3. Bb5 a6 4. Ba4 Nf6 5. d3 b5 6. Bb3 Bc5 7. Nc3 Rb8 8. Nd5 h6 9. c3 d6 10. O-O O-O 11. a4 Nxd5 12. Bxd5 Ne7 13. Ba2 Ng6 14. axb5 axb5 15. d4 Bb6 16. dxe5 dxe5 17. Qxd8 Rxd8 18. Bd5 Bb7 19. Bxb7 Rxb7 20. Be3 Bxe3 21. fxe3 f6 22. Rfd1 Rxd1+ 23. Rxd1 Kf7 24. Rd8 Ra7 25. Ne1 Ne7 26. Kf2 Ra2 27. Nd3 c5 28. Nxc5 Rxb2+ 29. Kf3 Rc2 30. Nb7 Rxc3 31. Nd6+ Ke6 32. Nxb5 Rc6 33. h4 h5 34. g3 g6 35. Kf2 Rc2+ 36. Kf3 Rc6 1/2-1/2

[Event "11th Tamil Nadu Circuit-IM 2024"]
[Site "Chennai"]
[Date "2024.01.10"]
[Round "3.2"]
[White "Hemanth Raam"]
[Black "Harsh Suresh"]
[Result "0-1"]
[ECO "C45"]
[WhiteElo "2161"]
[BlackElo "2361"]
[Annotator "RC"]
[PlyCount "116"]
[EventDate "2024.01.09"]
[EventType "tourn"]
[EventCountry "IND"]
[SourceTitle "playchess.com"]
[Source "ChessBase"]
[SourceQuality "1"]
[TimeControl "5400+30"]

1. e4 e5 2. Nf3 Nc6 3. d4 exd4 4. Nxd4 Qf6 5. Nf3 Bb4+ 6. c3 Bc5 7. Be2 h6 8. O-O Nge7 9. Qc2 d6 10. b4 Bb6 11. Bb2 O-O 12. Nbd2 Ng6 13. c4 Bd4 14. Nxd4 Nxd4 15. Bxd4 Qxd4 16. Nb3 Qf6 17. Rfe1 Bd7 18. Rad1 Ba4 19. Bf1 a5 20. a3 Ne5 21. Re3 axb4 22. axb4 Nc6 23. Qd2 Rfe8 24. Rde1 Bxb3 25. Rxb3 Qd4 26. Rd3 Qb6 27. Rg3 Re6 28. Qc3 g6 29. Rb1 Qd4 30. b5 Qxe4 31. Bd3 Nd4 32. Bxe4 Ne2+ 33. Kf1 Nxc3 34. Rxc3 Rxe4 35. c5 dxc5 36. Rxc5 Ra2 37. Re1 Rb4 38. Kg1 Rbb2 39. Rf1 Rc2 40. Rxc2 Rxc2 41. Rd1 Rb2 42. Kf1 Rxb5 43. Ke2 Re5+ 44. Kf3 b5 45. Kf4 Re2 46. Kf3 Rc2 47. Rd8+ Kg7 48. Rb8 c6 49. Rb6 Rc4 50. Ke3 b4 51. Kd3 Rc3+ 52. Kd2 c5 53. Rc6 h5 54. h4 Rc4 55. g3 b3 56. f3 Rc2+ 57. Ke3 b2 58. Rb6 c4 0-1

[Event "11th Tamil Nadu Circuit-IM 2024"]
[Site "Chennai"]
[Date "2024.01.10"]
[Round "3.3"]
[White "Daakshin Arun"]
[Black "Priyanka, K."]
[Result "1-0"]
[ECO "A58"]
[WhiteElo "2309"]
[BlackElo "2068"]
[Annotator "RC"]
[PlyCount "85"]
[EventDate "2024.01.09"]
[EventType "tourn"]
[EventCountry "IND"]
[SourceTitle "playchess.com"]
[Source "ChessBase"]
[SourceQuality "1"]
[TimeControl "5400+30"]

1. d4 Nf6 2. c4 c5 3. d5 b5 4. cxb5 a6 5. bxa6 g6 6. Nc3 Bg7 7. e4 O-O 8. a7 Rxa7 9. Nf3 e6 10. Be2 exd5 11. exd5 d6 12. O-O Na6 13. Nb5 Rd7 14. Bc4 Bb7 15. Qb3 Qa8 16. Rd1 Nc7 17. Nxc7 Rxc7 18. Bf4 Rd8 19. h3 Ba6 20. Nd2 Rb7 21. Qd3 Ra7 22. Bxa6 Rxa6 23. Nc4 Rxa2 24. Rxa2 Qxa2 25. Nxd6 Qxb2 26. Ne4 Nxe4 27. Qxe4 Bd4 28. Bc7 Rf8 29. d6 Qb5 30. Qd5 Qd7 31. Re1 Bf6 32. Qxc5 Kg7 33. g4 h6 34. Kg2 Ra8 35. Re3 Ra1 36. Rf3 Qe6 37. Rxf6 Qe1 38. Kg3 Qg1+ 39. Kh4 Qg2 40. Qc3 Rh1 41. Rf3+ Kg8 42. Qe3 Re1 43. d7 1-0

[Event "11th Tamil Nadu Circuit-IM 2024"]
[Site "Chennai"]
[Date "2024.01.10"]
[Round "3.4"]
[White "Lokesh, N.."]
[Black "Khusenkhojaev, Muhammad"]
[Result "0-1"]
[ECO "C54"]
[WhiteElo "2140"]
[BlackElo "2379"]
[Annotator "RC"]
[PlyCount "92"]
[EventDate "2024.01.09"]
[EventType "tourn"]
[EventCountry "IND"]
[SourceTitle "playchess.com"]
[Source "ChessBase"]
[SourceQuality "1"]
[TimeControl "5400+30"]

1. e4 e5 2. Nf3 Nc6 3. Bc4 Bc5 4. O-O Nf6 5. d3 O-O 6. h3 d6 7. c3 a5 8. Re1 h6 9. Bb3 Re8 10. Nbd2 Be6 11. Ba4 Bd7 12. Nf1 Ba7 13. Ng3 Ne7 14. Bxd7 Nxd7 15. Nh4 d5 16. Nh5 g6 17. Bxh6 gxh5 18. Qxh5 Nf8 19. Qxe5 Nf5 20. Qxf5 Qxh4 21. Bg5 Bxf2+ 22. Kh1 Qh5 23. Rf1 Bg3 24. Qxd5 c6 25. Qb3 a4 26. Qxb7 Rab8 27. Qa7 Rxb2 28. Rf5 Re5 29. Qe3 Rxf5 30. exf5 Bf2 31. Qf4 Rxa2 32. Rb1 Rb2 33. Ra1 a3 34. Be7 a2 35. Kh2 Re2 36. Bf6 Nd7 37. Be7 Rxe7 38. Qxf2 Re2 39. Qg3+ Kh7 40. Rf1 Ne5 41. d4 Nf3+ 42. Rxf3 a1=Q 43. f6 Qh6 44. Qc7 Qa2 45. Rg3 Qe6 46. Qb8 Rxg2+ 0-1

[Event "11th Tamil Nadu Circuit-IM 2024"]
[Site "Chennai"]
[Date "2024.01.10"]
[Round "3.5"]
[White "Ziatdinov, Raset"]
[Black "Podolchenko, Evgeniy"]
[Result "0-1"]
[ECO "B18"]
[WhiteElo "2100"]
[BlackElo "2357"]
[Annotator "RC"]
[PlyCount "100"]
[EventDate "2024.01.09"]
[EventType "tourn"]
[EventCountry "IND"]
[SourceTitle "playchess.com"]
[Source "ChessBase"]
[SourceQuality "1"]
[TimeControl "5400+30"]

1. e4 c6 2. d4 d5 3. Nc3 dxe4 4. Nxe4 Bf5 5. Ng3 Bg6 6. Nf3 Nf6 7. h4 Nh5 8. Ne2 Nd7 9. g4 Nhf6 10. g5 Nh5 11. Bh3 Bf5 12. Nc3 Bxh3 13. Rxh3 g6 14. Qe2 Bg7 15. Bd2 O-O 16. O-O-O Qc7 17. Qe4 Rfe8 18. d5 Rac8 19. Rhh1 Nc5 20. Qc4 cxd5 21. Nxd5 Qc6 22. b4 Qa4 23. Nd4 e6 24. Ne3 Ne4 25. Qb3 Qxb3 26. Nxb3 Nxf2 27. c4 Ng3 28. Rh2 Nxd1 29. Kxd1 Red8 30. c5 b6 31. Nc4 Ne4 32. Kc2 bxc5 33. b5 Nd6 34. Nxd6 Rxd6 35. Na5 a6 36. Nc6 Bf8 37. a4 axb5 38. axb5 Rdxc6 39. bxc6 Rxc6 40. Be3 Bg7 41. Kd3 Bd4 42. Bc1 e5 43. Ra2 Rc8 44. Ke4 c4 45. Ra6 c3 46. Rd6 Bf2 47. Rd7 Bxh4 48. Kxe5 c2 49. Kf4 Rc4+ 50. Ke5 Bxg5 0-1

[Event "11th Tamil Nadu Circuit-IM 2024"]
[Site "Chennai"]
[Date "2024.01.11"]
[Round "4.1"]
[White "Wagh Suyog"]
[Black "Podolchenko, Evgeniy"]
[Result "1/2-1/2"]
[ECO "A62"]
[WhiteElo "2266"]
[BlackElo "2357"]
[Annotator "RC"]
[PlyCount "118"]
[EventDate "2024.01.09"]
[EventType "tourn"]
[EventCountry "IND"]
[SourceTitle "playchess.com"]
[Source "ChessBase"]
[SourceQuality "1"]
[TimeControl "5400+30"]

1. d4 Nf6 2. c4 e6 3. g3 c5 4. d5 exd5 5. cxd5 d6 6. Nc3 g6 7. Bg2 Bg7 8. Nf3 O-O 9. O-O Re8 10. Bf4 a6 11. a4 h6 12. Qc1 g5 13. Be3 Bf5 14. h4 g4 15. Nd2 Rxe3 16. fxe3 Bg6 17. Nc4 Nh5 18. Kh2 Nd7 19. a5 Qe7 20. e4 Re8 21. Ra3 Kh7 22. Rb3 Ne5 23. Ne3 Bf6 24. Nf5 Bxf5 25. Rxf5 Ng7 26. Rxf6 Qxf6 27. Rxb7 Re7 28. Rb6 Nh5 29. Nd1 Ng6 30. Qc3 Re5 31. Kg1 Nxh4 32. Nf2 Nxg2 33. Kxg2 Qe7 34. b4 Nf6 35. bxc5 Nxe4 36. cxd6 Nxc3 37. dxe7 Nxd5 38. Nxg4 Rxe7 39. Rxh6+ Kg7 40. Rd6 Rxe2+ 41. Kf3 Nc3 42. Rxa6 Ra2 43. Ne3 Nb5 44. Nf5+ Kh7 45. Ke4 Re2+ 46. Kf4 Nc7 47. Ra7 Ne6+ 48. Kf3 Ra2 49. Nd6 Ng5+ 50. Kf4 Kg6 51. a6 Ne6+ 52. Kf3 Ra3+ 53. Kf2 Nc5 54. Nxf7 Rxa6 55. Nh8+ Kf5 56. Rf7+ Rf6 57. g4+ Kxg4+ 58. Rxf6 Ne4+ 59. Ke3 Nxf6 1/2-1/2

[Event "11th Tamil Nadu Circuit-IM 2024"]
[Site "Chennai"]
[Date "2024.01.11"]
[Round "4.2"]
[White "Khusenkhojaev, Muhammad"]
[Black "Ziatdinov, Raset"]
[Result "1-0"]
[ECO "E06"]
[WhiteElo "2379"]
[BlackElo "2100"]
[Annotator "RC"]
[PlyCount "49"]
[EventDate "2024.01.09"]
[EventType "tourn"]
[EventCountry "IND"]
[SourceTitle "playchess.com"]
[Source "ChessBase"]
[SourceQuality "1"]
[TimeControl "5400+30"]

1. d4 d5 2. c4 e6 3. Nf3 Nf6 4. g3 Be7 5. Bg2 O-O 6. Nc3 c6 7. O-O b6 8. b3 Bb7 9. Qc2 Na6 10. Rd1 Rc8 11. e4 Ba8 12. e5 Nd7 13. h4 c5 14. Ng5 g6 15. dxc5 Rxc5 16. Be3 Rc8 17. cxd5 Bb4 18. dxe6 Rxc3 19. Qe2 Bxg2 20. Rxd7 Qa8 21. exf7+ Rxf7 22. Nxf7 Bf8 23. Rd8 Qb7 24. Bh6 Kxf7 25. e6+ 1-0